 Dungeon Crawl Stone Soup version 0.29-a0-553-g81b289dbe5 (webtiles) character file.

Game seed: 4225074883967715304

25 Hubjo the Insei (level 2, -2/22 HPs)
             Began as a Demonspawn Transmuter on June 6, 2022.
             Slain by a hobgoblin (4 damage)
             ... on level 1 of the Dungeon.
             The game lasted 00:01:05 (843 turns).

Hubjo the Insei (Demonspawn Transmuter)              Turns: 843, Time: 00:01:06

Health: -2/22      AC:  2    Str: 10    XL:     2   Next: 86%
Magic:  4/5        EV: 12    Int: 14    God:
Gold:   13         SH:  0    Dex: 13    Spells: 4/5 levels left

rFire   . . .      SeeInvis .     - Unarmed
rCold   . . .      Faith    +   (no shield)
rNeg    . . .      Spirit   .   a - +0 robe
rPois   .          Reflect  .   (helmet currently unavailable)
rElec   .          Harm     .   (no cloak)
rCorr   .          Rampage  .   (no gloves)
Will    .....                   (boots currently unavailable)
Stlth   ++........              d - amulet of faith
HPRegen 0.07/turn               (no ring)
MPRegen 0.09/turn               (no ring)

@: appendages
A: horns 2, talons 2, claws 1
a: End Transformation


You were on level 1 of the Dungeon.
You had temporarily grown beastly horns and talons.
You visited 1 branch of the dungeon, and saw 1 of its levels.

You collected 13 gold pieces.

Inventory:

Armour
 a - a +0 robe (worn)
Jewellery
 d - an amulet of faith (around neck)
Scrolls
 c - a scroll of fear {unknown}
 e - a scroll of poison {unknown}
Potions
 b - a potion of lignification


   Skills:
 * Level 1.7 Fighting
 - Level 1.7 Dodging
 + Level 0.8 Stealth
 + Level 2.9 Unarmed Combat
 + Level 2.2 Spellcasting
 + Level 2.0 Transmutations


You had 4 spell levels left.
You knew the following spells:

 Your Spells              Type           Power      Damage    Failure   Level
a - Beastly Appendage     Tmut           14%        N/A       10%         1

Your spell library contained the following spells:

 Spells                   Type           Power      Damage    Failure   Level
 Wereblood                Tmut           7%         N/A       16%         2
 Spider Form              Tmut/Pois      4%         N/A       41%         3
 Ice Form                 Ice/Tmut       4%         N/A       83%         4


Dungeon Overview and Level Annotations

Branches:
Dungeon (1/15)

Altars:


Innate Abilities, Weirdness & Mutations

You have temporarily grown beastly horns and talons.
You have sharp fingernails.


Message History

You miss the quokka. The quokka barely misses you.
You closely miss the quokka. The quokka bites you.
The hobgoblin barely misses you.
You closely miss the quokka. The quokka bites you.
The hobgoblin hits you but does no damage.
The quokka misses you.
You barely miss the quokka. The hobgoblin closely misses you.
The quokka bites you.
You scratch the quokka.
The quokka is severely wounded.
The hobgoblin hits you. The quokka bites you.
You are too injured to fight recklessly!
You are too injured to fight recklessly!
You are too injured to fight recklessly!
You are too injured to fight recklessly!
You are too injured to fight recklessly!
You are too injured to fight recklessly!
You are too injured to fight recklessly!
You are too injured to fight recklessly!
You are too injured to fight recklessly!
You are too injured to fight recklessly!
You are too injured to fight recklessly!
You are too injured to fight recklessly!
You are too injured to fight recklessly!
You are too injured to fight recklessly!
You are too injured to fight recklessly!
You are too injured to fight recklessly!
You are too injured to fight recklessly!
You are too injured to fight recklessly!
Casting: Beastly Appendage (safe; 10% risk of failure)
Confirm with . or Enter, or press ? or * to list all spells.
You grow a pair of large bovine horns.
Your feet morph into talons.
The quokka bites you.
* * * LOW HITPOINT WARNING * * *
The hobgoblin hits you.
* * * LOW HITPOINT WARNING * * *
You scratch the quokka. You claw the quokka.
You kill the quokka!
The hobgoblin hits you.
You die...

##...........###.#.#######......
##.........## #.#.##...........
##.......## #.#..............
#+.....## #.#..............
##...## #.#..............
#.#..............
#................
###g###≈###.#......
#.@.#B#≈#.#...#####
#†###.#≈#.###.# .......#≈#.....#
.....###$#≈#.###.# #......
#.#≈#.#...# #........###≈###..##
#.................# #......
###......# ##.....#


You could see a hobgoblin.

Vanquished Creatures
  A ball python (D:1)
  2 bats (D:1)
  6 endoplasms (D:1)
  2 giant cockroaches (D:1)
  3 hobgoblins (D:1)
  A kobold (D:1)
  2 quokkas (D:1)
  2 goblins (D:1)
  3 rats (D:1)
22 creatures vanquished.

Notes
Turn   | Place    | Note
-------+----------+-------------------------------------------
     0 | D:1      | Hubjo the Demonspawn Transmuter began the quest for the
                  | Orb.
     0 | D:1      | Reached XP level 1. HP: 15/15 MP: 3/3
   292 | D:1      | Gained mutation: You have sharp fingernails. [demonic
                  | ancestry]
   292 | D:1      | Reached XP level 2. HP: 21/21 MP: 3/5
   843 | D:1      | Slain by a hobgoblin

Illustrated notes

Levels and vault maps discovered:
D:1:      lemuel_arrival_rhombus, layout_basic, grunt_decor_cap, st_stairs_7

Skill      XL: |  1  2 |
---------------+-------+-----
Transmutations | 2 |  2.0
Fighting       | |  1.7
Dodging        | |  1.7
Stealth        | |  0.8
Unarmed Combat | |  2.9
Spellcasting   | |  2.2

Action                   || total
-------------------------++-------
Melee: Unarmed           ||    55
       Kick              ||    10
       Headbutt          ||     5
 Cast: Beastly Appendage ||    15
Armor: Robe              ||    13
Dodge: Dodged            ||    33

Table legend: (Time is in decaauts)
 A = Elapsed time spent in this place.
 B = Non-inter-level travel time spent in this place.
 C = Inter-level travel time spent in this place.
 D = Time resting spent in this place.
 E = Time spent auto-exploring this place.
 F = Levels seen in this place.
 G = Mean time per level.
                   A        B        C        D        E       F      G
               +--------+--------+--------+--------+--------+-----+--------+
         Total |    840 |    840 |      0 |      0 |    681 |   1 |  840.0 |
       Dungeon |    840 |    840 |      0 |      0 |    681 |   1 |  840.0 |
               +--------+--------+--------+--------+--------+-----+--------+

Top non-repeatable levels by time:
     D:1: 840 daAuts
